 Dungeon Crawl Stone Soup version 0.29-a0-459-g97dee8cd24 (webtiles) character file.

Game seed: 13965762988157797439

2214 croobank the Covert (level 9, -1/74 HPs)
             Began as a Gnoll Delver on May 21, 2022.
             Was an Initiate of Gozag.
             Killed from afar by an air elemental (9 damage)
             ... with a stunning burst
             ... on level 3 of the Abyss.
             The game lasted 00:23:30 (5163 turns).

croobank the Covert (Gnoll Delver)                  Turns: 5163, Time: 00:23:30

Health: -1/74      AC: 11    Str: 16    XL:     9   Next: 35%
Magic:  15/15      EV: 14    Int:  9    God:    Gozag
Gold:   384        SH:  0    Dex: 20    Spells: 16/16 levels left

rFire   . . .      SeeInvis .   a - +0 hand axe (spect)
rCold   . . .      Faith    .   (no shield)
rNeg    . . .      Spirit   .   y - +0 ring mail
rPois   .          Reflect  .   B - +0 helmet
rElec   .          Harm     .   (no cloak)
rCorr   .          Rampage  .   (no gloves)
Will    .....                   (no boots)
Stlth   ++++......              u - amulet of regeneration
HPRegen 1.02/turn               t - +6 ring of dexterity
MPRegen 0.14/turn               L - +4 ring of protection

@: no status effects
A: fangs 1, strong nose, distributed training
a: Renounce Religion, Potion Petition, Call Merchant, Bribe Branch


You were on level 3 of the Abyss.
You worshipped Gozag.
Gozag was aware of your devotion.
You visited 2 branches of the dungeon, and saw 8 of its levels.
You visited the Abyss 1 time.

You collected 512 gold pieces.
You spent 60 gold pieces at shops.
You paid 68 gold pieces to Gozag.

Inventory:

Hand Weapons
 a - a +0 spectral hand axe (weapon)
 b - a +1 hunting sling of flaming
 f - a +3 dagger
 z - a +2 dagger of venom
 H - a +0 morningstar
 I - a +0 dagger
 P - a +0 dire flail
 T - a +3 whip of venom
Missiles
 k - 191 stones (quivered)
 F - 16 poisoned darts
 S - a throwing net
Armour
 y - a +0 ring mail (worn)
 B - a +0 helmet (worn)
 K - a +0 leather armour
 Q - a +0 plate armour
Jewellery
 t - a +6 ring of dexterity (left hand)
 u - an amulet of regeneration (around neck)
 G - a ring of wizardry
 L - a +4 ring of protection (right hand)
 N - a ring of flight
 R - a ring of poison resistance
Wands
 g - a wand of digging (3)
 h - a wand of iceblast (5)
 J - a wand of polymorph (6)
Scrolls
 c - 3 scrolls of fog
 d - 4 scrolls of magic mapping
 e - a scroll of poison
 l - 4 scrolls of amnesia
 m - a scroll of noise
 p - a scroll of teleportation
 r - a scroll of enchant weapon {unknown}
 s - 2 scrolls of fear
 w - 2 scrolls of blinking {unknown}
 x - 2 scrolls of immolation
 D - a scroll of acquirement {unknown}
 E - a scroll of torment {unknown}
Potions
 i - 3 potions of mutation
 j - 5 potions of curing
 n - a potion of brilliance
 o - a potion of degeneration
 q - 2 potions of invisibility
 v - a potion of berserk rage
 A - a potion of heal wounds
 C - a potion of flight
 M - a potion of magic


   Skills:
 + Level 7.8 Fighting
 + Level 4.1 Short Blades
 + Level 4.1 Long Blades
 + Level 6.2 Axes
 + Level 4.1 Maces & Flails
 + Level 4.1 Polearms
 + Level 4.1 Staves
 + Level 4.1 Slings
 + Level 4.1 Bows
 + Level 4.1 Crossbows
 + Level 4.1 Throwing
 + Level 4.1 Armour
 + Level 6.2 Dodging
 + Level 10.4 Stealth
 + Level 4.1 Shields
 + Level 4.1 Unarmed Combat
 + Level 4.1 Spellcasting
 + Level 3.4 Conjurations
 + Level 3.4 Hexes
 + Level 3.4 Summonings
 + Level 3.4 Necromancy
 + Level 3.4 Translocations
 + Level 3.4 Transmutations
 + Level 3.4 Fire Magic
 + Level 3.4 Ice Magic
 + Level 3.4 Air Magic
 + Level 3.4 Earth Magic
 + Level 3.4 Poison Magic
 + Level 4.5 Invocations
 + Level 4.1 Evocations


You had 16 spell levels left.
You didn't know any spells.
Your spell library contained the following spells:

 Spells                   Type           Power      Damage    Failure   Level
 Sandblast                Erth           16%        2d6       12%         1
 Passwall                 Tmut/Erth      6%         N/A       19%         2
 Stone Arrow              Conj/Erth      16%        3d8       34%         3


Dungeon Overview and Level Annotations

Branches:
Dungeon (7/15)             Temple (1/1) D:5

Altars:
Ashenzari
Fedhas
Gozag
Hepliaklqana
Kikubaaqudgha
Makhleb
Nemelex Xobeh
Okawaru
Trog
Zin

Shops:
D:4 *

Portals:
Bailey: D:7


Innate Abilities, Weirdness & Mutations

You have very sharp teeth.
Your uncanny sense of smell can sniff out nearby items.
Your experience applies equally to all skills.


Message History

The water elemental is engulfed in blazing flames.
The fire elemental hits you. The fire elemental burns you!
The fire elemental barely misses you.
Okay, then.
The fire elemental misses you. The fire elemental hits you.
The fire elemental burns you! The fire elemental hits you.
The fire elemental burns you! The fire elemental closely misses you.
The fire elemental hits you. The fire elemental burns you!
The water elemental is engulfed in blazing flames.
A quasit comes into view.
The water elemental is engulfed in blazing flames.
The water elemental is destroyed!
The fire elemental misses you.
You enter the shallow water.
Moving in this stuff is going to be slow.
The fire elemental hits you. The fire elemental burns you!
The fire elemental barely misses you.
An air elemental comes into view.
The fire elemental hits you. The fire elemental burns you!
The air elemental fires a burst of electricity at you.
The stunning burst misses you. The fire elemental closely misses you.
An orange demon comes into view.
The air elemental barely misses you.
The air elemental fires a burst of electricity at you.
The stunning burst hits you!
You suddenly lose the ability to move!
The air elemental fires a burst of electricity at you.
The stunning burst hits you.
The air elemental fires a burst of electricity at you.
The stunning burst hits you.
* * * LOW HITPOINT WARNING * * *
You can move again.
Okay, then.
Okay, then.
The air elemental hits you!
* * * LOW HITPOINT WARNING * * *
The air elemental fires a burst of electricity at you.
The stunning burst hits you!
You shrug off the repeated paralysis!
You die...
Your body crumbles into a pile of gold.

.. .# # ## .. .#
#. # .#..#
.##§.... . #..#..
. ###.#.##
.#...@..# ≈.
#.#.E#..#
≈≈≈#.#.#..### ##
.
.≈≈≈#.○☼....#..##
...≈≈≈.○.....#..§
#.
....≈≈≈°.#.....#
#. ∆ #
..4..#.§°≈####.#
.. # ∆ #
..2.#.###§≈≈#
##.# ≈. ...##.
#.≈≈≈#.. §


You could see a cacodemon (wandering), an orange demon (wandering) and an air
elemental.

Vanquished Creatures
  A water moccasin (D:6)
  An orc warrior (D:6)
  3 ogres (D:5)
  5 phantoms
  A scorpion (D:5)
  A bullfrog (D:6)
  A gnoll sergeant (D:5)
  A necrophage (D:4)
  3 wights (D:6)
  4 hounds
  2 jellies
  3 gnoll shamans
  4 orc priests
  3 iguanas
  Ijyb (D:5)
  5 orc wizards
  21 gnolls
  5 adders
  3 shadow imps
  4 worms
  3 dart slugs
  18 orcs
  7 ball pythons
  5 endoplasms
  A giant cockroach (D:2)
  9 goblins
  6 hobgoblins
  10 kobolds
  3 quokkas
  8 bats
  4 frilled lizards
  8 rats
154 creatures vanquished.

Vanquished Creatures (others)
  A water elemental (Abyss:3)
  4 plants (D:2)
5 creatures vanquished.

Grand Total: 159 creatures vanquished

Notes
Turn   | Place    | Note
-------+----------+-------------------------------------------
     0 | D:5      | Reached skill level 9 in Stealth
     0 | D:5      | croobank the Gnoll Delver began the quest for the Orb.
     0 | D:5      | Reached XP level 1. HP: 23/23 MP: 1/1
     1 | D:5      | Noticed a hound
     9 | D:5      | Noticed an iguana
    29 | D:5      | Noticed an orc wizard
    35 | D:5      | Noticed an ogre
    41 | D:5      | Noticed an ogre
    44 | D:5      | Noticed a gnoll sergeant
    47 | D:5      | Noticed a phantom
   397 | D:2      | Reached XP level 2. HP: 29/29 MP: 2/2
   730 | D:1      | Reached XP level 3. HP: 35/35 MP: 3/3
  1022 | D:1      | Reached skill level 1 in Invocations
  1282 | D:2      | Found a faded altar of an unknown god.
  1289 | D:2      | Reached skill level 1 in Short Blades
  1289 | D:2      | Reached skill level 1 in Long Blades
  1289 | D:2      | Reached skill level 1 in Maces & Flails
  1289 | D:2      | Reached skill level 1 in Polearms
  1289 | D:2      | Reached skill level 1 in Staves
  1289 | D:2      | Reached skill level 1 in Slings
  1289 | D:2      | Reached skill level 1 in Bows
  1289 | D:2      | Reached skill level 1 in Crossbows
  1289 | D:2      | Reached skill level 1 in Throwing
  1289 | D:2      | Reached skill level 1 in Armour
  1289 | D:2      | Reached skill level 1 in Shields
  1289 | D:2      | Reached skill level 1 in Unarmed Combat
  1289 | D:2      | Reached skill level 1 in Spellcasting
  1289 | D:2      | Reached skill level 1 in Evocations
  1592 | D:2      | Reached XP level 4. HP: 11/41 MP: 5/5
  2668 | D:3      | Found an iron altar of Okawaru.
  2823 | D:3      | Reached skill level 1 in Conjurations
  2823 | D:3      | Reached skill level 1 in Hexes
  2823 | D:3      | Reached skill level 1 in Summonings
  2823 | D:3      | Reached skill level 1 in Necromancy
  2823 | D:3      | Reached skill level 1 in Translocations
  2823 | D:3      | Reached skill level 1 in Transmutations
  2823 | D:3      | Reached skill level 1 in Fire Magic
  2823 | D:3      | Reached skill level 1 in Ice Magic
  2823 | D:3      | Reached skill level 1 in Air Magic
  2823 | D:3      | Reached skill level 1 in Earth Magic
  2823 | D:3      | Reached skill level 1 in Poison Magic
  2825 | D:3      | Reached XP level 5. HP: 20/47 MP: 6/6
  3014 | D:4      | Noticed a phantom
  3023 | D:4      | Killed a phantom
  3024 | D:4      | Reached XP level 6. HP: 48/53 MP: 8/8
  3208 | D:4      | Reached skill level 5 in Axes
  3208 | D:4      | Reached skill level 5 in Dodging
  3271 | D:4      | Found Jyde's General Store.
  3277 | D:4      | Bought a potion of heal wounds for 60 gold pieces
  3512 | D:5      | Reached XP level 7. HP: 59/59 MP: 10/10
  3531 | D:5      | Found a staircase to the Ecumenical Temple.
  3566 | D:5      | Noticed Ijyb
  3595 | D:5      | Reached skill level 10 in Stealth
  3596 | D:5      | Reached XP level 8. HP: 50/67 MP: 10/12
  3609 | D:5      | Killed Ijyb
  3634 | Temple   | Entered the Ecumenical Temple
  3660 | Temple   | Became a worshipper of Gozag Ym Sagoz the Greedy
  3952 | D:5      | Found a glowing silver altar of Zin.
  4397 | D:6      | Reached XP level 9. HP: 72/72 MP: 14/14
  4638 | D:6      | Found a bloodstained altar of Trog.
  4958 | D:7      | Found a flagged portal.
  5078 | D:7      | Cast into level 1 of the Abyss (gnoll sergeant)
  5078 | Abyss:1  | Found a corrupted altar of Lugonu.
  5120 | Abyss:3  | Noticed a sixfirhy
  5160 | Abyss:3  | Noticed a cacodemon
  5160 | Abyss:3  | Noticed an orange demon
  5161 | Abyss:3  | Paralysed by an air elemental for 1 turns
  5163 | Abyss:3  | Killed from afar by an air elemental

Illustrated notes

Levels and vault maps discovered:
D:1:      evilmike_arrival_crescent, layout_loops_ring,
          nicolae_concentric_dashed_squares_wild, minmay_heptomino_d4
D:2:      layout_loops_corners, shapermc_ecumenical_altar_mp_ritualfount
D:3:      layout_basic, okawaru_trees_2, corexii_corridor_pit,
          ebering_dispersal_statue_hall, st_stairs_7, dk_noncrumbling_2,
          nrook_mini_backslash
D:4:      layout_basic, serial_shops, nicolae_shop_waterfront, enter_ossuary_2
D:5:      layout_rooms, general_overflow_altar, minmay_temple_entry_ruins,
          uniq_ijyb
D:6:      layout_basic, nicolae_overflow_crystal_walls
D:7:      layout_basic, grunt_temple_overflow_open, enter_bailey_2
Temple:   dshaligram_water_room_temple
Abyss:3:  base: D:5, hangedman_abyss_river_spirits,
          hangedman_abyss_river_spirits

Skill      XL: |  1  2  3  4  5  6  7  8  9 |
---------------+----------------------------+-----
Stealth        | 10 | 10.4
Invocations    | 1 2 3 4 |  4.5
Short Blades   | 1 2 3 4 |  4.1
Long Blades    | 1 2 3 4 |  4.1
Maces & Flails | 1 2 3 4 |  4.1
Polearms       | 1 2 3 4 |  4.1
Staves         | 1 2 3 4 |  4.1
Slings         | 1 2 3 4 |  4.1
Bows           | 1 2 3 4 |  4.1
Crossbows      | 1 2 3 4 |  4.1
Throwing       | 1 2 3 4 |  4.1
Armour         | 1 2 3 4 |  4.1
Shields        | 1 2 3 4 |  4.1
Unarmed Combat | 1 2 3 4 |  4.1
Spellcasting   | 1 2 3 4 |  4.1
Evocations     | 1 2 3 4 |  4.1
Conjurations   | 1 2 3 |  3.4
Hexes          | 1 2 3 |  3.4
Summonings     | 1 2 3 |  3.4
Necromancy     | 1 2 3 |  3.4
Translocations | 1 2 3 |  3.4
Transmutations | 1 2 3 |  3.4
Fire Magic     | 1 2 3 |  3.4
Ice Magic      | 1 2 3 |  3.4
Air Magic      | 1 2 3 |  3.4
Earth Magic    | 1 2 3 |  3.4
Poison Magic   | 1 2 3 |  3.4
Axes           | 5 6 |  6.2
Dodging        | 5 6 |  6.2
Fighting       | 7 |  7.8

Action                   |  1- 3 |  4- 6 |  7- 9 || total
-------------------------+-------+-------+-------++-------
Melee: Hand axe          |    78 |    64 |   189 ||   331
       Bite              |     6 |     7 |    24 ||    37
       Punch             |       |     2 |     3 ||     5
Evoke: Wand              |       |       |     2 ||     2
  Use: Scroll            |     2 |       |    15 ||    17
       Potion            |     1 |       |     2 ||     3
 Stab: Sleeping          |    22 |    10 |     8 ||    40
       Distracted        |       |     1 |     8 ||     9
Armor: Leather armour    |    18 |       |       ||    18
       Ring mail         |       |     6 |    56 ||    62
Dodge: Dodged            |    47 |    24 |   134 ||   205

Table legend: (Time is in decaauts)
 A = Elapsed time spent in this place.
 B = Non-inter-level travel time spent in this place.
 C = Inter-level travel time spent in this place.
 D = Time resting spent in this place.
 E = Time spent auto-exploring this place.
 F = Levels seen in this place.
 G = Mean time per level.
                   A        B        C        D        E       F      G
               +--------+--------+--------+--------+--------+-----+--------+
         Total |   5159 |   5017 |    142 |    546 |   3080 |  11 |  469.0 |
       Dungeon |   5030 |   4904 |    126 |    546 |   3065 |   7 |  718.6 |
        Temple |     42 |     26 |     16 |      0 |     15 |   1 |   42.0 |
         Abyss |     85 |     85 |      0 |      0 |      0 |   3 |   28.3 |
               +--------+--------+--------+--------+--------+-----+--------+

Top non-repeatable levels by time:
     D:2: 1297 daAuts
     D:6: 915 daAuts
     D:3: 876 daAuts
     D:1: 724 daAuts
     D:5: 579 daAuts
     D:4: 556 daAuts
     D:7: 80 daAuts
 Abyss:3: 58 daAuts
  Temple: 42 daAuts
 Abyss:2: 20 daAuts
 Abyss:1: 6 daAuts
